 Dungeon Crawl Stone Soup version 0.30-a0-122-g2a1322497e (webtiles) character file.

Game seed: 6156091987190125695

587955 LnG the Axe Maniac (level 27, -9/268 HPs)
             Began as a Hill Orc Fighter on Sept 14, 2022.
             Was the Champion of Uskayaw.
             Killed from afar by an electric golem (20 damage)
             ... with a bolt of lightning
             ... on level 5 of the Realm of Zot on Sept 15, 2022.
             The game lasted 06:46:55 (112955 turns).

LnG the Axe Maniac (Hill Orc Fighter)             Turns: 112955, Time: 06:46:56

Health: -9/268     AC:  0    Str: 37    XL:     27
Magic:  20/20      EV: 16    Int:  7    God:    Uskayaw [******]
Gold:   7190       SH:  5    Dex:  7    Spells: 26/26 levels left

rFire   . . .      SeeInvis .    (weapon currently unavailable)
rCold   . . .      Faith    .    (shield currently unavailable)
rNeg    . . .      Spirit   .    (body armour currently unavailable)
rPois   .          Reflect  +    (helmet currently unavailable)
rElec   .          Harm     .    (cloak currently unavailable)
rCorr   .          Rampage  .    (gloves currently unavailable)
Will    ++...                    (boots currently unavailable)
Stlth   +++++++...               q - amulet of reflection
HPRegen 0.54/turn                (ring currently unavailable)
MPRegen 0.17/turn                (ring currently unavailable)

@: pig-form, studying 2 skills, very quick
A: fast, no casting, small, (horns 1), (iridescent scales 1), clumsy 1,
deterioration 1, low MP 1, screaming 1, strong 1, (cold vulnerability 1),
devolution 1
}: 3/15 runes: barnacled, silver, gossamer
a: Renounce Religion, Stomp, Line Pass, Grand Finale


You were on level 5 of the Realm of Zot.
You worshipped Uskayaw.
Uskayaw was noncommittal.
You were a filthy swine.
You visited 11 branches of the dungeon, and saw 51 of its levels.
You also visited: Ossuary and Ice Cave.

You collected 8835 gold pieces.
You spent 1645 gold pieces at shops.

Inventory:

Hand Weapons
 b - the +6 broad axe of the First Stars {elec, Dex+6}
   (You found it on level 3 of the Vaults)

   It occasionally discharges a powerful burst of electricity upon striking a
   foe.
   Dex:       It affects your dexterity (+6).
 k - the +9 broad axe of the Gnashing Badger (melded) {elec, rElec Dex+2}
   (You took it off an ogre mage on level 4 of the Vaults)

   It occasionally discharges a powerful burst of electricity upon striking a
   foe.
   Dex:       It affects your dexterity (+2).
   rElec:     It insulates you from electricity.
 P - the +4 war axe "Azimpurul" {flame, Fly rElec rCorr Stlth-}
   (You found it on level 12 of the Dungeon)

   It burns those it strikes, dealing additional fire damage.
   Big, fiery blades are also staple armaments of hydra-hunters.
   rElec:     It insulates you from electricity.
   Fly:       It grants you flight.
   rCorr:     It protects you from acid and corrosion.
   Stlth:     It makes you less stealthy.
Missiles
 c - 10 throwing nets
 z - 20 boomerangs (quivered)
 Z - 3 boomerangs of dispersal
Armour
 n - a +2 buckler of protection
 A - the +9 plate armour of Ivam (melded) {Drain rF++ Dex+2}
   (You found it on level 1 of the Vaults)

   Dex:       It affects your dexterity (+2).
   rF:        It greatly protects you from fire.
   Drain:     It drains your maximum health when unequipped.
 B - the +1 pair of boots of Zin (melded) {rElec}
   (You acquired it on level 3 of the Shoals)

   rElec:     It insulates you from electricity.
 F - a +2 kite shield (melded)
 N - the +0 cloak "Ceimuj" (melded) {rN+ Str+4}
   (You bought it in a shop on level 11 of the Dungeon)

   Str:       It affects your strength (+4).
   rN:        It protects you from negative energy.
 R - the +1 pair of gloves of an ossuary (melded) {Str+8 Dex-3}
   (You found it on level 12 of the Dungeon)

   Str:       It affects your strength (+8).
   Dex:       It affects your dexterity (-3).
 X - a +2 hat (melded)
Jewellery
 a - the ring of Xom's Flight of Fancy (melded) {rElec rF+ rC+ rCorr}
   (You found it on level 2 of the Elven Halls)

   [ring of resist corrosion]

   rF:        It protects you from fire.
   rC:        It protects you from cold.
   rElec:     It insulates you from electricity.
   rCorr:     It protects you from acid and corrosion.
 j - the ring of the Genius (melded) {Fly rF+ rN+ Will+ SInv}
   (You found it on level 3 of the Depths)

   [ring of flight]

   rF:        It protects you from fire.
   rN:        It protects you from negative energy.
   SInv:      It lets you see invisible.
   Fly:       It grants you flight.
   Will:      It increases your willpower.
 o - a +6 ring of strength
 q - an amulet of reflection (around neck)
 D - the amulet "Jaozyp" {Faith +Blink rElec rC- Regen+}
   (You took it off a fire giant on level 3 of the Depths)

   [amulet of faith]

   It allows you to gain divine favour quickly.
   rC:        It makes you vulnerable to cold.
   rElec:     It insulates you from electricity.
   +Blink:    It lets you blink.
   Regen:     It increases your rate of health regeneration.
 S - the ring "Vedoq" {rF+ rCorr Int+5}
   (You bought it in a shop on level 13 of the Dungeon)

   [ring of resist corrosion]

   Int:       It affects your intelligence (+5).
   rF:        It protects you from fire.
   rCorr:     It protects you from acid and corrosion.
 W - the amulet "Hiro" {Spirit rF+ Str-4 Dex+5}
   (You acquired it on level 5 of the Lair of Beasts)

   [amulet of guardian spirit]

   It causes incoming damage to be divided between your reserves of health and
   magic.
   Str:       It affects your strength (-4).
   Dex:       It affects your dexterity (+5).
   rF:        It protects you from fire.
Wands
 y - a wand of digging (12)
 H - a wand of quicksilver (79)
 I - a wand of flame (46)
 U - a wand of mindburst (19)
Scrolls
 e - 18 scrolls of teleportation
 f - 7 scrolls of vulnerability
 i - 8 scrolls of poison
 l - 2 scrolls of blinking
 s - 5 scrolls of fear
 w - 11 scrolls of immolation
 C - 2 scrolls of torment
 G - 6 scrolls of butterflies
 K - 3 scrolls of summoning
 O - a scroll of enchant armour
 V - a scroll of magic mapping
 Y - 4 scrolls of silence
Potions
 d - 3 potions of might
 g - 4 potions of lignification
 h - 3 potions of invisibility
 m - 5 potions of berserk rage
 p - 24 potions of curing
 u - 12 potions of haste
 v - 6 potions of magic
 x - 13 potions of ambrosia
 E - 10 potions of brilliance
 J - 4 potions of heal wounds
 M - 3 potions of cancellation
 T - a potion of resistance
Miscellaneous
 r - a lightning rod (4/4)
 t - a condenser vane
 L - a tin of tremorstones (2/2)
 Q - a phial of floods


   Skills:
 + Level 25.7 Fighting
 O Level 27 Axes
 + Level 8.8 Throwing
 + Level 19.5 Armour
 + Level 10.5 Dodging
 + Level 19.3 Stealth
 + Level 24.8 Shields
 + Level 2.6 Evocations


You had 26 spell levels left.
You didn't know any spells.
Your spell library contained the following spells:

 Spells                   Type           Power      Damage    Failure   Level
 Apportation              Tloc           0%         N/A       43%         1
 Foxfire                  Conj/Fire      0%         2x1d4     43%         1
 Freeze                   Ice            0%         1d3       43%         1
 Magic Dart               Conj           0%         1d3       43%         1
 Necrotise                Necr           0%         1d4       43%         1
 Sandblast                Erth           0%         2d4       43%         1
 Shock                    Conj/Air       0%         1d3       43%         1
 Slow                     Hex            0%         N/A       43%         1
 Sting                    Tmut/Pois      0%         1d3       43%         1
 Summon Small Mammal      Summ           0%         N/A       43%         1
 Blink                    Tloc           0%         N/A       56%         2
 Call Imp                 Summ           0%         N/A       56%         2
 Ensorcelled Hibernation  Hex/Ice        0%         N/A       56%         2
 Passwall                 Tmut/Erth      0%         N/A       56%         2
 Poisonous Vapours        Pois/Air       0%         N/A       56%         2
 Scorch                   Fire           0%         2d5       56%         2
 Static Discharge         Conj/Air       0%         3-3/arc   56%         2
 Call Canine Familiar     Summ           0%         N/A       80%         3
 Confusing Touch          Hex            0%         N/A       80%         3
 Dazzling Flash           Conj/Hex       0%         N/A       80%         3
 Frozen Ramparts          Ice            0%         1d1       80%         3
 Gell's Gravitas          Tloc           0%         N/A       80%         3
 Ignite Poison            Fire/Tmut/Pois 0%         N/A       80%         3
 Inner Flame              Hex/Fire       0%         N/A       80%         3
 Kindle Blastsparks       Fire/Tloc/Air  0%         2d10      80%         3
 Lesser Beckoning         Tloc           0%         N/A       80%         3
 Mephitic Cloud           Conj/Pois/Air  0%         N/A       80%         3
 Ozocubu's Armour         Ice            0%         N/A       80%         3
 Portal Projectile        Hex/Tloc       0%         N/A       80%         3
 Spider Form              Tmut/Pois      0%         N/A       80%         3
 Stone Arrow              Conj/Erth      0%         3d7       80%         3
 Summon Guardian Golem    Hex/Summ       0%         N/A       80%         3
 Swiftness                Air            0%         N/A       80%         3
 Teleport Other           Tloc           0%         N/A       80%         3
 Vampiric Draining        Necr           0%         2d6       80%         3
 Airstrike                Air            0%         2d(0-16)  99%         4
 Anguish                  Hex/Necr       0%         N/A       99%         4
 Animate Armour           Summ/Erth      0%         N/A       99%         4
 Animate Dead             Necr           0%         N/A       99%         4
 Cause Fear               Hex            0%         N/A       99%         4
 Dispel Undead            Necr           0%         3d6       99%         4
 Flame Wave               Conj/Fire      0%         2d4       99%         4
 Fulminant Prism          Conj/Hex       0%         3d6       99%         4
 Hailstorm                Conj/Ice       0%         3d3       99%         4
 Ice Form                 Ice/Tmut       0%         N/A       99%         4
 Iskenderun's Mystic Bla  Conj/Tloc      0%         2d3       99%         4
 Leda's Liquefaction      Hex/Erth       0%         N/A       99%         4
 Manifold Assault         Tloc           0%         N/A       99%         4
 Olgreb's Toxic Radiance  Pois           0%         N/A       99%         4
 Petrify                  Tmut/Erth      0%         N/A       99%         4
 Sticky Flame             Conj/Fire      0%         2d3       99%         4
 Summon Ice Beast         Ice/Summ       0%         N/A       99%         4
 Alistair's Intoxication  Tmut/Pois      0%         N/A       100%        5
 Arcjolt                  Conj/Air       0%         1d10      100%        5
 Blade Hands              Tmut           0%         N/A       100%        5
 Borgnjor's Vile Clutch   Necr/Erth      0%         N/A       100%        5
 Freezing Cloud           Conj/Ice/Air   0%         6-21      100%        5
 Lee's Rapid Deconstruct  Erth           0%         3d5*      100%        5
 Lightning Bolt           Conj/Air       0%         1d11      100%        5
 Metabolic Englaciation   Hex/Ice        0%         N/A       100%        5
 Death Channel            Necr           0%         N/A       100%        6
 Eringya's Noxious Bog    Tmut/Pois      0%         N/A       100%        6
 Iron Shot                Conj/Erth      0%         9d1       100%        6
 Simulacrum               Ice/Necr       0%         N/A       100%        6
 Statue Form              Tmut/Erth      0%         N/A       100%        6
 Summon Cactus Giant      Summ           0%         N/A       100%        6
 Enfeeble                 Hex            0%         N/A       100%        7
 Haunt                    Necr/Summ      0%         N/A       100%        7
 Malign Gateway           Summ/Tloc      0%         N/A       100%        7
 Spellforged Servitor     Conj/Summ      0%         N/A       100%        7
 Discord                  Hex            0%         N/A       100%        8
 Infestation              Necr           0%         N/A       100%        8
 Lehudib's Crystal Spear  Conj/Erth      0%         10d2      100%        8
 Maxwell's Capacitive Co  Air            0%         ∞         100%        8
 Summon Horrible Things   Summ           0%         N/A       100%        8
 Polar Vortex             Ice            0%         N/A       100%        9
 Shatter                  Erth           0%         3d5*      100%        9


Dungeon Overview and Level Annotations

Branches:
Dungeon (15/15)            Temple (1/1) D:7            Lair (5/5) D:9
 Shoals (4/4) Lair:3       Spider (4/4) Lair:3        Slime (0/5) Lair:4
    Orc (2/2) D:11            Elf (3/3) Orc:2        Vaults (5/5) D:13
  Crypt (3/3) Vaults:3       Tomb (0/3) Crypt:3      Depths (4/4) D:15
    Zot (5/5) Depths:4    Ossuary (visited)           IceCv (visited)

Altars:
Ashenzari
Cheibriados
Dithmenos
Elyvilon
Fedhas
Gozag
Hepliaklqana
Kikubaaqudgha
Makhleb
Nemelex Xobeh
Okawaru
Qazlal
Ru
Sif Muna
Trog
Uskayaw
Vehumet
Wu Jian
Xom
Yredelemnul
Zin
The Shining One
Beogh
Jiyva
Lugonu

Shops:
D:4 *   D:9 !   D:11 [   D:13 :*!=[   D:15 [(*   Orc:2 :[(?   Shoals:2 =
Depths:3 [

Portals:
Hell: Depths:1 Depths:2 Depths:3 Depths:4
Abyss: Depths:1 Depths:3 Depths:4
Pandemonium: Depths:1 Depths:2
Ziggurat: Depths:2
Trove: D:12 (give +2 gold dragon scales)

Annotations:
D:3 1 runed translucent door, Crazy Yiuf
D:7 2 runed translucent doors, Pooter's ghost, novice MiBe
D:13 exclusion: orange crystal statue
Vaults:3 2 transporters, Camit's ghost, veteran HOFi; Ixoes's ghost, veteran DgFi
Depths:2 Mara
Zot:3 1 transporter


Innate Abilities, Weirdness & Mutations

You are a filthy swine.
You move quickly.
Your equipment is almost entirely melded.
You are incapable of wielding weapons or throwing items.
You cannot cast spells.
((You have a pair of small horns on your head.))
((You are partially covered in iridescent scales. (AC +2)))
You are clumsy. (Dex -2)
Your body sometimes deteriorates upon taking damage.
Your magical capacity is low. (-10% MP)
You occasionally shout uncontrollably at your foes.
Your muscles are strong. (Str +4, Int/Dex -1)
((You are vulnerable to cold. (rC-)))
You have hidden genetic defects.


Message History

The black draconian breathes lightning at you.
The bolt of lightning hits the black draconian.
The black draconian completely resists.
The bolt of lightning hits you!!! Something hits you!!
Deactivating autopickup; reactivate with Ctrl-A.
The yellow draconian annihilator gestures wildly while chanting.
The yellow draconian annihilator blinks!
You maul the Killer Klown!!
The Killer Klown is heavily wounded.
The Killer Klown blinks!
The electric golem hits you! The electric golem shocks you!
You block the electric golem's attack. The electric golem hits you.
The electric golem hits you!
Unknown command.
Unknown command.
Something hits you!
The Killer Klown blinks!
The electric golem hits you! The electric golem shocks you!!
* * * LOW HITPOINT WARNING * * *
The electric golem hits you!
* * * LOW HITPOINT WARNING * * *
The electric golem shocks you!
* * * LOW HITPOINT WARNING * * *
The electric golem hits you!
* * * LOW HITPOINT WARNING * * *
The electric golem hits you!
* * * LOW HITPOINT WARNING * * *
The black draconian hits you with a +0 morningstar!
* * * LOW HITPOINT WARNING * * *
The yellow draconian annihilator casts a spell.
The yellow draconian annihilator blinks!
Blink to where?
Press: ? - help, Dir - move target, f - you
Okay, then.
There are monsters nearby!
There are monsters nearby!
There are monsters nearby!
There are monsters nearby!
Something closely misses you.
The Killer Klown blinks!
The electric golem hurls lightning at you.
The bolt of lightning hits you!!
You die...

**,,,,,,,,,,,,^,,****
▓▓.....##▓▓▓▓▓▓▓▓▓▓**
##...........§...^^..##*
##......L........,*#....##
*#.....Dd*.......^,,**#...#
*........*.......p,,,*##...
*.......{.........,,,* ##..
*...§...d9d..§....,,,* #..
*......^.*h.......,,,* ##.
*......q..........,,,* #.
*........†........,,,* ##.
*#......^.....^...,,** #..
##.....p.........^** ##..
##..............** #...
###############* #### #####
#...#


You could see 3 orbs of fire, 2 Killer Klowns, an electric golem, a dread lich,
a storm dragon, 2 draconians, a white draconian and a yellow draconian
annihilator.

Vanquished Creatures
  5 dread liches
  3 ancient liches (Vaults:5)
  6 orbs of fire
  Vv (Zot:3)
  Xtahua (Vaults:3)
  5 Killer Klowns
  2 curse toes
  6 golden dragons
  A caustic shrike (Depths:3)
  Saint Roka (Depths:2)
  Nikola (Elf:1)
  A bone dragon (Crypt:3)
  2 electric golems
  2 hellephants (Zot:4)
  14 tentacled monstrosities
  18 Orb Guardians (Zot:5)
  Zenata (Vaults:4)
  5 liches
  A walking divine tome (Depths:3)
  2 deep elf blademasters (Elf:3)
  6 quicksilver dragons
  2 deep elf master archers (Elf:3)
  9 death cobs
  9 titans
  Polyphemus (Shoals:2)
  Agnes (Elf:1)
  Kirke (D:14)
  2 ancient champions (Crypt:1)
  9 storm dragons
  7 tengu reavers
  6 sphinxes
  Frances (Shoals:2)
  10 shadow dragons
  5 draconian monks
  Ilsuiw (Shoals:2)
  7 draconian knights
  A revenant (Crypt:3)
  An iron dragon (Vaults:5)
  A cacodemon (Depths:2)
  6 frost giants
  Aizul (Shoals:2)
  5 fire giants
  24 vault wardens
  7 draconian scorchers
  5 emperor scorpions
  2 juggernaut zombies
  6 deep elf sorcerers
  A ghost moth (shapeshifter) (Vaults:5)
  Louise (Depths:4)
  7 ghost moths
  4 deep elf elementalists (Elf:3)
  An orc warlord (Vaults:3)
  6 draconian annihilators
  2 curse skulls
  4 draconian shifters
  The ghost of Lusuiz the Spry, an adept SpAK of Lugonu (Depths:3)
  27 very ugly things
  2 broodmothers
  2 spriggan defenders
  9 war gargoyles
  16 ironbound preservers
  14 stone giants
  3 vampire knights
  13 ironbound thunderhulks
  6 black draconians
  Nessos (D:14)
  7 deep elf demonologists
  10 purple draconians
  4 dire elephants
  13 red draconians
  5 white draconians
  6 deep elf annihilators (Elf:3)
  4 green draconians
  7 spark wasps
  A bunyip (shapeshifter) (Vaults:5)
  9 entropy weavers
  8 yellow draconians
  2 eidola (Crypt:1)
  A crystal guardian (Vaults:4)
  9 deep elf death magi
  13 ettins
  5 fire dragons
  3 merfolk javelineers (Shoals:4)
  Josephine (D:14)
  Snorg (D:14)
  6 jiangshi
  7 deep elf high priests
  15 merfolk impalers
  12 yaktaur captains
  2 spriggan zombies
  3 great orbs of eyes
  Harold (Lair:1)
  2 rakshasas
  2 jorogumos (Spider:3)
  43 vault guards
  9 hydras
  6 ogre magi
  2 peacekeepers (Vaults:4)
  2 spriggan air magi (Depths:3)
  3 spriggan skeletons (Crypt:3)
  7 radroaches
  4 ice dragons
  5 catoblepae
  10 boulder beetles
  7 ironbound frosthearts
  27 centaur warriors
  6 merfolk aquamancers
  8 two-headed ogres
  30 dancing weapons
  4 deep troll shamans
  3 merfolk avatars
  3 death knights (Crypt:1)
  An Orb Guardian skeleton (Crypt:2)
  20 death yaks
  5 deep troll earth magi
  6 tengu warriors
  2 satyrs
  4 vampire magi
  2 orc high priests (Elf:3)
  4 spriggan berserkers
  24 hell knights
  A titan zombie (Depths:1)
  A soul eater (Crypt:1)
  Sonja (D:13)
  12 deep elf knights
  4 pharaoh ants
  8 sea snakes
  9 iron trolls
  33 skeletal warriors
  Lodul (D:14)
  A flayed ghost (Crypt:1)
  3 orb spiders
  A bunyip zombie (Crypt:1)
  A sun moth (Spider:2)
  2 shadow demons (Elf:3)
  48 deep trolls
  6 steelbarb worms
  3 glowing orange brains
  15 lindwurms
  5 harpies
  6 deep elf archers
  10 phantasmal warriors
  6 necromancers
  4 wizards
  21 deep elf zephyrmancers
  36 ironbound convokers
  4 orc knights
  2 anaconda skeletons (Crypt:3)
  25 deep elf pyromancers
  28 ugly things
  A fire giant zombie (Depths:1)
  7 orc sorcerers (Orc:2)
  15 wolf spiders
  15 manticores
  A mana viper (shapeshifter) (Depths:1)
  4 cyclopes
  14 fauns
  8 merfolk sirens
  34 moths of wrath
  30 elephants
  A salamander (Depths:1)
  6 fire giant skeletons (Crypt:3)
  A stone giant skeleton (Crypt:3)
  7 black mambas
  A guardian serpent (shapeshifter) (D:14)
  2 rust devils
  20 vault sentinels
  An ice statue (IceCv)
  Joseph (D:7)
  An orange demon (Depths:2)
  9 torpor snails
  5 gargoyles
  5 kobold demonologists
  3 dire elephant skeletons
  8 water nymphs
  2 naga skeletons
  6 rime drakes
  An unseen horror (shapeshifter) (Depths:3)
  A yellow draconian zombie (Crypt:2)
  2 demonic crawlers
  7 cane toads
  35 yaktaurs
  An unseen horror (D:12)
  An efreet (D:12)
  7 freezing wraiths
  14 komodo dragons
  A guardian mummy (Crypt:3)
  27 merfolk
  6 tengu conjurers
  A hellwing (Depths:2)
  12 polar bears
  A mana viper skeleton (Crypt:2)
  10 meliai
  9 trolls
  A harpy skeleton (Crypt:1)
  22 tarantellas
  A wind drake (shapeshifter) (Vaults:4)
  A tarantella (shapeshifter) (D:13)
  6 hornets
  12 wind drakes
  18 slime creatures
  A wolf spider simulacrum (D:14)
  18 blink frogs
  A snapping turtle (shapeshifter) (Vaults:5)
  8 dream sheep
  An ettin zombie (Crypt:2)
  A hydra skeleton (Crypt:1)
  An iron dragon simulacrum (Crypt:2)
  11 snapping turtles
  31 jumping spiders
  6 air elementals
  23 culicivoras
  A human (shapeshifter) (D:13)
  15 wraiths
  28 water elementals
  2 ettin skeletons
  A yak (shapeshifter) (D:12)
  7 spriggans
  7 humans (Zot:4)
  A wyvern (Lair:3)
  5 shadows
  98 yaks
  10 fire dragon skeletons (Crypt:3)
  A wyvern (shapeshifter) (Vaults:5)
  A ynoxinul (Depths:2)
  A golden eye (shapeshifter) (Depths:3)
  2 ushabtiu (Crypt:3)
  A black mamba skeleton (Crypt:3)
  5 basilisks
  6 vampire mosquitoes
  4 fire elementals
  A human simulacrum (Vaults:3)
  5 hogs (D:14)
  4 steam dragons
  48 redbacks
  4 wargs (Orc:2)
  A glowing shapeshifter zombie (Depths:1)
  A warg (shapeshifter) (Depths:3)
  An acid dragon (D:12)
  7 hell hounds (D:12)
  10 water moccasins
  23 orc warriors
  A water nymph skeleton (Crypt:2)
  4 ice beasts
  An ice beast (shapeshifter) (D:12)
  4 sky beasts
  2 black bears
  22 wolves
  2 boggarts (Elf:3)
  18 ogres
  A phantom (D:6)
  12 centaurs
  4 kobold brigands
  12 bullfrogs
  A scorpion (D:4)
  2 glowing shapeshifter simulacra
  An earth elemental (Elf:3)
  3 gnoll sergeants
  3 water moccasin zombies (Ossuary)
  A warg zombie (Crypt:1)
  A cyclops skeleton (Crypt:1)
  A queen bee zombie (Crypt:2)
  14 electric eels
  7 howler monkeys
  4 hounds
  20 orc priests
  3 jellies
  2 centaur skeletons
  Natasha (thrice) (D:2)
  5 iguanas
  42 orc wizards
  4 hell rats (Lair:5)
  A deep dwarf skeleton (Crypt:2)
  10 mummies
  10 adders
  10 gnolls
  A shadow imp (D:6)
  A white imp (D:6)
  An ufetubus (D:5)
  5 adder zombies (Ossuary)
  A jelly zombie (Crypt:2)
  A worm (D:5)
  7 dart slugs
  87 orcs
  7 endoplasms
  4 giant cockroaches
  11 goblins
  5 hobgoblins
  2 jackals (D:1)
  4 quokkas
  4 ball pythons
  3 bats
  6 frilled lizards
  3 gnoll zombies (Ossuary)
  6 hobgoblin zombies (Ossuary)
  A jackal zombie (Crypt:2)
  26 kobolds
  2 kobold zombies (Ossuary)
  3 orc zombies (Ossuary)
  A quokka skeleton (Crypt:1)
  8 rats
  A bush (Lair:5)
2277 creatures vanquished.

Vanquished Creatures (collateral kills)
  Donald (Shoals:2)
  A merfolk siren (Shoals:2)
2 creatures vanquished.

Vanquished Creatures (others)
  2 fire giants
  A deep elf annihilator (Elf:3)
  A rakshasa (D:12)
  A deep elf zephyrmancer (Elf:2)
  A manticore (D:14)
  A human skeleton (Vaults:1)
  A demonic crawler (Spider:4)
  An orc warrior (Vaults:5)
  An orc wizard (Orc:2)
  A kobold (D:7)
  28 fungi
  231 plants
  41 withered plants
311 creatures vanquished.

Grand Total: 2590 creatures vanquished

Notes
Turn   | Place    | Note
-------+----------+-------------------------------------------
     0 | D:1      | LnG the Hill Orc Fighter began the quest for the Orb.
     0 | D:1      | Reached XP level 1. HP: 19/19 MP: 1/1
    44 | D:1      | Got Leda's Quarto of Stones
   151 | D:1      | Reached XP level 2. HP: 23/27 MP: 2/2
   241 | D:1      | You fall into a shaft and drop 1 floor!
   305 | D:2      | Noticed Natasha
   308 | D:2      | Noticed a crimson imp
   312 | D:2      | Killed Natasha
   313 | D:2      | Reached skill level 3 in Axes
   313 | D:2      | Reached XP level 3. HP: 9/33 MP: 3/3
   785 | D:1      | Reached XP level 4. HP: 41/41 MP: 4/4
  1190 | D:2      | Found a faded altar of an unknown god.
  1305 | D:2      | Reached skill level 4 in Axes
  1659 | D:2      | Noticed Natasha
  1670 | D:2      | Killed Natasha
  1671 | D:2      | Reached XP level 5. HP: 31/47 MP: 5/5
  1683 | D:2      | Noticed Natasha
  1696 | D:2      | Killed Natasha
  2080 | D:2      | Reached skill level 5 in Axes
  2685 | D:3      | Found a runed translucent door.
  2686 | D:3      | Noticed Crazy Yiuf
  2928 | D:4      | Reached XP level 6. HP: 30/55 MP: 6/6
  3516 | D:4      | Reached skill level 5 in Fighting
  3516 | D:4      | Reached skill level 6 in Axes
  3594 | D:4      | Found Reappe Weoss's Neck Hole.
  4268 | D:5      | Entered Level 5 of the Dungeon
  4342 | D:5      | Noticed a black bear
  4346 | D:5      | Killed a black bear
  4347 | D:5      | Reached XP level 7. HP: 32/61 MP: 7/7
  4363 | D:5      | Found a sand-covered staircase.
  4371 | Ossuary  | Entered an ossuary
  4515 | Ossuary  | Reached skill level 1 in Dodging
  4605 | Ossuary  | Reached skill level 7 in Axes
  5074 | D:5      | Reached skill level 5 in Armour
  5141 | D:6      | Reached skill level 8 in Axes
  5141 | D:6      | Reached XP level 8. HP: 46/69 MP: 8/8
  5770 | D:6      | Reached skill level 5 in Shields
  5946 | D:6      | Reached skill level 9 in Axes
  6435 | D:6      | Reached skill level 1 in Stealth
  7157 | D:7      | Found a large runed translucent door.
  7157 | D:7      | Found a large runed translucent door.
  7159 | D:7      | Noticed Pooter's ghost (novice MiBe)
  7188 | D:7      | Reached XP level 9. HP: 65/75 MP: 9/9
  7282 | D:7      | Reached skill level 10 in Axes
  7321 | D:7      | Reached skill level 1 in Evocations
  7362 | D:7      | Found a staircase to the Ecumenical Temple.
  7369 | Temple   | Entered the Ecumenical Temple
  7689 | D:7      | Found a sacrificial altar of Ru.
  7751 | D:7      | Noticed Joseph
  7921 | D:7      | Killed Joseph
  7922 | D:7      | Reached skill level 11 in Axes
  9287 | D:8      | Upgraded the game from 0.30-a0-121-gb27577e5d9 to
                  | 0.30-a0-122-g2a1322497e
 10095 | D:8      | Reached skill level 12 in Axes
 10095 | D:8      | Reached XP level 10. HP: 86/86 MP: 10/10
 10447 | D:8      | Found a shadowy altar of Dithmenos.
 11377 | D:9      | Found Linn's Distillery.
 11548 | D:9      | Bought a potion of resistance for 120 gold pieces
 11548 | D:9      | Bought a potion of invisibility for 96 gold pieces
 11548 | D:9      | Bought a potion of degeneration for 12 gold pieces
 11856 | D:9      | Reached skill level 13 in Axes
 12028 | D:9      | Noticed a kobold demonologist
 12040 | D:9      | Noticed a smoke demon
 12167 | D:9      | Killed a kobold demonologist
 12292 | D:9      | Found a staircase to the Lair.
 13123 | D:10     | Entered Level 10 of the Dungeon
 13515 | D:10     | Found a hide-covered altar of Uskayaw.
 13523 | D:10     | Became a worshipper of Uskayaw the Reveller
 13582 | D:10     | Reached * piety under Uskayaw
 13585 | D:10     | Reached ** piety under Uskayaw
 13596 | D:10     | Reached XP level 11. HP: 31/94 MP: 11/11
 14352 | D:11     | Found Isux's Antique Armour Shoppe.
 14355 | D:11     | Bought a polished cloak for 342 gold pieces
 14355 | D:11     | Identified the +0 cloak "Ceimuj" {rN+ Str+4} (You bought it
                  | in a shop on level 11 of the Dungeon)
 14422 | D:11     | Noticed a two-headed ogre
 14430 | D:11     | Reached *** piety under Uskayaw
 14433 | D:11     | Killed a two-headed ogre
 14434 | D:11     | Reached skill level 14 in Axes
 14581 | D:11     | Noticed a two-headed ogre
 14666 | D:11     | Killed a two-headed ogre
 14768 | D:11     | Reached skill level 1 in Throwing
 14948 | D:11     | Reached **** piety under Uskayaw
 14958 | D:11     | Reached ***** piety under Uskayaw
 14972 | D:11     | Reached ****** piety under Uskayaw
 15569 | D:11     | Found a staircase to the Orcish Mines.
 16437 | D:11     | Reached skill level 15 in Axes
 16535 | D:12     | Noticed a cyclops
 16552 | D:12     | Killed a cyclops
 16928 | D:12     | Noticed a tengu warrior
 16928 | D:12     | Noticed a tengu warrior
 17304 | D:11     | Killed a tengu warrior
 17305 | D:11     | Reached XP level 12. HP: 36/105 MP: 12/12
 17644 | D:12     | Identified the +4 war axe "Azimpurul" {flame, Fly rElec
                  | rCorr Stlth-}
 17698 | D:12     | Killed a tengu warrior
 18036 | D:12     | Noticed a four-headed hydra
 18036 | D:12     | Noticed a great orb of eyes
 18044 | D:12     | Killed a one-headed hydra
 18045 | D:12     | Reached skill level 10 in Shields
 18049 | D:12     | Killed a great orb of eyes
 18050 | D:12     | Reached skill level 5 in Dodging
 18314 | D:12     | Noticed a centaur warrior
 18319 | D:12     | Killed a centaur warrior
 18465 | D:12     | Got Walutiapt's Papyrus of Invitation and the Winter
 18621 | D:12     | Noticed a boulder beetle
 18621 | D:12     | Noticed a centaur warrior
 18629 | D:12     | Killed a centaur warrior
 18639 | D:12     | Killed a boulder beetle
 18837 | D:12     | Noticed a deep elf knight
 18846 | D:12     | Killed a deep elf knight
 19023 | D:12     | Reached skill level 10 in Fighting
 19210 | D:12     | Found a portal to a secret trove of treasure.
 19355 | D:12     | Reached skill level 16 in Axes
 19374 | D:12     | Identified the +1 pair of gloves of an ossuary {Str+8
                  | Dex-3}
 19400 | D:12     | Noticed a rakshasa
 19437 | D:12     | Killed a rakshasa
 19438 | D:12     | Reached skill level 5 in Stealth
 19839 | D:12     | Noticed a hell knight
 19853 | D:12     | Killed a hell knight
 19949 | D:12     | Noticed a hell knight
 19951 | D:12     | Noticed a hell knight
 20348 | D:12     | Noticed a catoblepas
 20361 | D:12     | Killed a catoblepas
 20362 | D:12     | Reached XP level 13. HP: 113/113 MP: 13/13
 21604 | D:13     | Noticed Sonja
 22026 | D:13     | Found Nosurix's General Store.
 22034 | D:13     | Bought a potion of curing for 45 gold pieces
 22034 | D:13     | Bought a potion of ambrosia for 120 gold pieces
 22057 | D:13     | Found Laux's Antique Armour Shop.
 22089 | D:13     | Found Ivvyhiwn's Book Boutique.
 22126 | D:13     | Killed Sonja
 22128 | D:13     | Found Voude's Jewellery Boutique.
 22287 | D:13     | Found Maaluutog's Distillery.
 22336 | D:13     | Noticed an ironbound preserver
 22375 | D:13     | Found a gate to the Vaults.
 22398 | D:13     | Killed an ironbound preserver
 22640 | D:13     | Noticed a rakshasa
 22654 | D:13     | Killed a rakshasa
 22708 | D:13     | Identified the +3 lajatang "Zepo" {vorpal, +Blink rN+ SInv}
 23275 | D:13     | Reached skill level 10 in Armour
 23738 | D:14     | Found an iron altar of Okawaru.
 23767 | D:14     | Noticed Snorg
 23787 | D:14     | Killed Snorg
 24032 | D:14     | Noticed Josephine
 24046 | D:14     | Killed Josephine
 24050 | D:14     | Reached XP level 14. HP: 117/124 MP: 14/14
 24061 | D:14     | Noticed Nessos
 24065 | D:14     | Killed Nessos
 24069 | D:14     | Identified the +3 bardiche "Leviticus" {vorpal, rElec
                  | Dex+4}
 24272 | D:14     | Reached skill level 17 in Axes
 24803 | D:14     | Noticed Kirke
 24811 | D:14     | Killed Kirke
 24931 | D:14     | Noticed Lodul
 24943 | D:14     | Killed Lodul
 25309 | D:14     | Found a faded altar of an unknown god.
 25310 | D:14     | Found a faded altar of an unknown god.
 25310 | D:14     | Found a faded altar of an unknown god.
 25311 | D:14     | Found a hazy altar of Hepliaklqana.
 25588 | D:15     | Entered Level 15 of the Dungeon
 25995 | D:15     | Found Faxti's Antique Armour Emporium.
 26613 | D:15     | Found Hiudghonuhu's Weapon Shop.
 26650 | D:15     | Found Lafecobb's General Store.
 26656 | D:15     | Bought 2 potions of heal wounds for 120 gold pieces
 27082 | D:15     | Found a staircase to the Depths.
 27585 | D:13     | Bought the ring "Vedoq" {rF+ rCorr Int+5} for 667 gold
                  | pieces
 27759 | Lair:1   | Entered Level 1 of the Lair of Beasts
 28068 | Lair:1   | Noticed Harold
 28077 | Lair:1   | Killed Harold
 29039 | Lair:1   | Reached XP level 15. HP: 133/134 MP: 15/15
 29347 | Lair:2   | Identified the +5 ring mail of Qemod {rC+ Int+4}
 30599 | Lair:3   | You are sucked into a shaft and drop 2 floors!
 30599 | Lair:5   | Entered Level 5 of the Lair of Beasts
 30621 | Lair:5   | Reached skill level 18 in Axes
 30914 | Lair:4   | Found a viscous altar of Jiyva.
 30947 | Lair:3   | Found a staircase to the Shoals.
 31016 | Lair:3   | Found a frozen archway.
 31030 | IceCv    | Entered an ice cave
 31631 | IceCv    | Noticed a frost giant
 31644 | IceCv    | Killed a frost giant
 31969 | Lair:3   | Found a hole to the Spider Nest.
 33625 | Lair:4   | Found a staircase to the Slime Pits.
 33897 | Lair:4   | Reached XP level 16. HP: 58/146 MP: 16/16
 35066 | Lair:5   | Reached skill level 10 in Stealth
 36032 | Lair:5   | Found a glowing silver altar of Zin.
 36444 | Lair:5   | Reached skill level 15 in Shields
 36482 | Lair:5   | Reached skill level 19 in Axes
 36668 | Lair:5   | Identified a scroll of acquirement
 36669 | Lair:5   | Acquired the amulet "Hiro" {Spirit rF+ Str-4 Dex+5}
 37060 | Spider:1 | Entered Level 1 of the Spider Nest
 37282 | Spider:1 | Reached skill level 15 in Fighting
 38854 | Spider:2 | Reached XP level 17. HP: 39/156 MP: 0/17
 40955 | Spider:3 | Reached skill level 5 in Throwing
 43029 | Spider:4 | Entered Level 4 of the Spider Nest
 43860 | Spider:3 | Paralysed by a jorogumo for 3 turns
 43870 | Spider:3 | Paralysed by a jorogumo for 1 turns
 45966 | Spider:4 | Reached XP level 18. HP: 141/166 MP: 18/18
 46058 | Spider:4 | Reached skill level 20 in Axes
 46675 | Spider:4 | Lost dexterity.
 47190 | Spider:4 | Got a gossamer rune of Zot
 47388 | Shoals:1 | Entered Level 1 of the Shoals
 49289 | Shoals:2 | Noticed Polyphemus
 49351 | Shoals:2 | Killed Polyphemus
 50058 | Shoals:2 | Found Bimimpex's Jewellery Emporium.
 50064 | Shoals:2 | Noticed Frances
 50085 | Shoals:2 | Killed Frances
 50234 | Shoals:2 | Noticed Aizul
 50791 | Shoals:2 | Noticed Ilsuiw
 50828 | Shoals:2 | Killed Ilsuiw
 50835 | Shoals:2 | HP: 4/168 [poisoned by Aizul (bolt of poison)]
 50855 | Shoals:2 | Killed Aizul
 51875 | Shoals:2 | Found a radiant altar of Vehumet.
 52205 | Shoals:2 | Noticed Donald
 52228 | Shoals:2 | Killed Donald
 53142 | Shoals:3 | Acquired the +1 pair of boots of Zin {rElec}
 54284 | Shoals:4 | Entered Level 4 of the Shoals
 54957 | Shoals:4 | Paralysed by an air elemental for 1 turns
 55003 | Shoals:4 | Identified the +6 spear of Ziloik {antimagic, rPois rF+ rC+
                  | rN+}
 55003 | Shoals:4 | Identified the ring "Qousieb" {Ice *Corrode rPois Will+++
                  | Dex-5}
 56118 | Shoals:4 | Paralysed by an air elemental for 1 turns
 56461 | Shoals:4 | Reached XP level 19. HP: 68/177 MP: 10/19
 57094 | Shoals:4 | Got a barnacled rune of Zot
 58490 | Shoals:4 | Paralysed by an air elemental for 1 turns
 58598 | Shoals:4 | Reached skill level 21 in Axes
 59067 | Depths:1 | Entered Level 1 of the Depths
 59416 | Depths:1 | Found a corrupted altar of Lugonu.
 59420 | Depths:1 | Found a one-way gate to the infinite horrors of the Abyss.
 60726 | Depths:1 | HP: 7/179 [juggernaut zombie (9)]
 60727 | Depths:1 | Found an ancient bone altar of Kikubaaqudgha.
 62126 | Depths:1 | Found a one-way gate leading to the halls of Pandemonium.
 62339 | Depths:1 | Found a gateway to Hell.
 63951 | Depths:2 | Found a one-way gateway to a ziggurat.
 64004 | Depths:2 | Noticed Mara
 64401 | Depths:2 | Paralysed by a hornet for 3 turns
 64666 | Depths:2 | Noticed LnG's illusion
 65236 | Depths:2 | Noticed LnG's illusion
 65918 | Depths:2 | Noticed LnG's illusion
 66073 | Depths:2 | Found a basalt altar of Yredelemnul.
 66620 | Depths:2 | Noticed LnG's illusion
 66700 | Depths:2 | Noticed Saint Roka
 67167 | Depths:2 | Killed Saint Roka
 67236 | Depths:2 | Reached XP level 20. HP: 175/189 MP: 20/20
 67615 | Depths:3 | Found a stormy altar of Qazlal.
 68472 | Depths:3 | Identified the +8 glaive of Xeryf {chaos, rC+ rCorr MP+9
                  | Str+3}
 68559 | Depths:3 | Noticed a caustic shrike
 68567 | Depths:3 | Killed a caustic shrike
 68658 | Depths:3 | Found Ruintul's Antique Armour Boutique.
 68672 | Depths:3 | HP: 7/189 [storm dragon/bolt of lightning (8)]
 68680 | Depths:3 | HP: 7/189 [storm dragon/bolt of lightning (2)]
 69825 | Depths:3 | Identified the amulet "Jaozyp" {Faith +Blink rElec rC-
                  | Regen+}
 70367 | Depths:3 | Found a large runed translucent door.
 70367 | Depths:3 | Found a large runed translucent door.
 70369 | Depths:3 | Noticed Lusuiz's ghost (adept SpAK)
 70559 | Depths:3 | Killed Lusuiz's ghost
 70565 | Depths:3 | Identified the ring of the Genius {Fly rF+ rN+ Will+ SInv}
 70607 | Depths:4 | Entered Level 4 of the Depths
 70683 | Depths:3 | Reached skill level 22 in Axes
 71685 | Depths:4 | Found a gate to the Realm of Zot.
 71798 | Depths:4 | Reached skill level 15 in Armour
 71808 | Depths:4 | Found an opulent altar of Gozag.
 71830 | Depths:4 | Reached skill level 10 in Dodging
 72401 | Depths:4 | Noticed Louise
 72427 | Depths:4 | Killed Louise
 72921 | Depths:4 | Reached XP level 21. HP: 169/199 MP: 17/21
 73782 | Orc:1    | Entered Level 1 of the Orcish Mines
 74196 | Orc:2    | Entered Level 2 of the Orcish Mines
 74761 | Orc:2    | Found a staircase to the Elven Halls.
 74867 | Orc:2    | Found a radiant altar of Vehumet.
 74892 | Orc:2    | Found Zulau's Antique Armour Shop.
 74913 | Orc:2    | Found a roughly hewn altar of Beogh.
 74913 | Orc:2    | Found Toiroice's Antique Weapon Shop.
 74946 | Orc:2    | Found Tilem's Book Boutique.
 74991 | Orc:2    | Found Baloj's Magic Scroll Boutique.
 75011 | Orc:2    | Found an ancient bone altar of Kikubaaqudgha.
 75243 | Orc:2    | Bought a scroll of summoning for 123 gold pieces
 75440 | Vaults:1 | Entered Level 1 of the Vaults
 76148 | Vaults:1 | Identified the +9 plate armour of Ivam {Drain rF++ Dex+2}
 78338 | Vaults:2 | Reached skill level 23 in Axes
 79339 | Vaults:2 | Reached XP level 22. HP: 208/211 MP: 22/22
 80646 | Vaults:3 | Noticed Xtahua
 80915 | Vaults:3 | Killed Xtahua
 81406 | Vaults:3 | Noticed a dread lich
 81427 | Vaults:3 | Killed a dread lich
 81831 | Vaults:3 | Noticed Ixoes's ghost (veteran DgFi)
 81836 | Vaults:3 | Found a transporter.
 81846 | Vaults:3 | Found a transporter.
 81995 | Vaults:3 | Noticed Camit's ghost (veteran HOFi)
 82313 | Vaults:3 | Reached skill level 15 in Stealth
 82541 | Vaults:3 | Identified the +6 broad axe of the First Stars {elec,
                  | Dex+6}
 82615 | Vaults:3 | Found a staircase to the Crypt.
 82921 | Vaults:4 | Noticed Zenata
 82950 | Vaults:4 | Killed Zenata
 83381 | Vaults:4 | Identified the +1 ring mail of Polish {rElec Will+}
 83490 | Vaults:4 | Reached skill level 24 in Axes
 83827 | Vaults:4 | Reached XP level 23. HP: 197/220 MP: 23/23
 86151 | Vaults:5 | Entered Level 5 of the Vaults
 86151 | Vaults:5 | Noticed an ancient lich
 86170 | Vaults:5 | Killed an ancient lich
 86710 | Vaults:5 | Identified the +9 broad axe of the Gnashing Badger {elec,
                  | rElec Dex+2}
 86888 | Vaults:5 | Noticed an ancient lich
 87114 | Vaults:5 | Killed an ancient lich
 88045 | Vaults:5 | Identified the +8 bardiche of Bodily Harmony {chaos, Dex-5
                  | SInv Stlth+}
 88069 | Vaults:5 | Noticed a golden dragon
 88276 | Vaults:5 | Killed a golden dragon
 88277 | Vaults:5 | Reached XP level 24. HP: 214/232 MP: 23/23
 88427 | Vaults:5 | Noticed an ancient lich
 88449 | Vaults:5 | Killed an ancient lich
 88450 | Vaults:5 | Reached skill level 25 in Axes
 88848 | Vaults:5 | Noticed a dread lich
 88856 | Vaults:5 | Found the +3 pair of gauntlets of War {Slay+5}
 88862 | Vaults:5 | Killed a dread lich
 89282 | Vaults:5 | Identified the +2 chain mail "Ficukk" {Will+ Regen+ Int-2
                  | Dex+4}
 89523 | Vaults:5 | Identified the +1 battleaxe "Wugg" {vorpal, rElec rCorr
                  | Int+4 Stlth-}
 89525 | Vaults:5 | Got a silver rune of Zot
 89602 | Vaults:5 | Identified the +7 glaive of Xoblaa {flame, *Rage rF++
                  | rCorr}
 89915 | Vaults:5 | Identified the +7 dagger "Zades" {vorpal, rPois Str+5}
 90580 | Crypt:1  | Entered Level 1 of the Crypt
 90611 | Crypt:1  | You are sucked into a shaft and drop 1 floor!
 92832 | Crypt:3  | Entered Level 3 of the Crypt
 92964 | Crypt:3  | Got Tuletuko's Reference Book on Jinxing and Conflagration
 94833 | Crypt:3  | Found a staircase to the Tomb.
 94861 | Crypt:3  | Found the +7 sceptre of Torment {pain, torment}
 94881 | Crypt:3  | Noticed a dread lich
 94882 | Crypt:3  | Paralysed by a dread lich for 3 turns
 94897 | Crypt:3  | Killed a dread lich
 95278 | Crypt:3  | Reached skill level 26 in Axes
 95296 | Crypt:3  | Reached XP level 25. HP: 243/243 MP: 23/23
 95786 | Elf:1    | Entered Level 1 of the Elven Halls
 95792 | Elf:1    | Noticed Agnes
 95803 | Elf:1    | Killed Agnes
 95955 | Elf:1    | Noticed Nikola
 95969 | Elf:1    | Killed Nikola
 96565 | Elf:1    | Got the Handbook of the Legion
 96847 | Elf:2    | Identified the amulet "Feiwenog" {Reflect -Cast Harm rPois
                  | SH+5 Stlth+}
 96966 | Elf:2    | Found a runed translucent gate.
 96966 | Elf:2    | Found a runed translucent gate.
 96966 | Elf:2    | Found a runed translucent gate.
 97662 | Elf:2    | Identified the ring of Xom's Flight of Fancy {rElec rF+ rC+
                  | rCorr}
 97699 | Elf:2    | Identified the +2 chain mail of Teoruac {Stlth+}
 98050 | Elf:3    | Entered Level 3 of the Elven Halls
 98064 | Elf:3    | Paralysed by an air elemental for 1 turns
 98068 | Elf:3    | Paralysed by an air elemental for 1 turns
 98352 | Elf:3    | Found a shimmering blue altar of Sif Muna.
 98403 | Elf:3    | Identified the amulet "Cuepic" {RegenMP rCorr}
 98659 | Elf:3    | Paralysed by an air elemental for 1 turns
 98836 | Elf:3    | HP: 6/241 [deep elf annihilator/iron shot (53)]
 99602 | Elf:3    | Identified the +7 battleaxe "Dragonbane" {venom, rElec
                  | Str+3 Dex-4}
 99607 | Elf:3    | Identified the ring "Xeihuigg" {rPois rC- Str+2 Int+4
                  | Dex+6}
 99632 | Elf:3    | Identified the +7 quarterstaff of the Endless Expanse
                  | {vorpal, Int+4}
 99644 | Elf:3    | Got the Tome of Intoxication
 99669 | Elf:3    | Identified the ring "Vaumiex" {rF+ rC+}
 99794 | Elf:3    | Identified the +6 scale mail "Tedastrot" {Int+6}
 99801 | Elf:3    | Identified the +6 trident of Riryff {flame, Fly rPois}
100093 | Elf:3    | Identified the +2 rapier of Blue Optimality {freeze, rC+
                  | Int+5}
100452 | Zot:1    | Entered Level 1 of the Realm of Zot
100988 | Zot:1    | You are sucked into a shaft and drop 1 floor!
101761 | Zot:1    | Reached XP level 26. HP: 221/254 MP: 23/23
102195 | Zot:1    | Reached skill level 27 in Axes
102553 | Zot:1    | Identified the +1 leather armour of the Worm {Will+ Stlth+}
105643 | Zot:2    | Acquired 869 gold pieces
105829 | Zot:2    | Noticed an orb of fire
105838 | Zot:2    | Gained mutation: You have a pair of small horns on your
                  | head. [an orb of fire]
105842 | Zot:2    | Gained mutation: You occasionally shout uncontrollably at
                  | your foes. [an orb of fire]
105843 | Zot:2    | Killed an orb of fire
106802 | Zot:3    | Noticed Vv
106827 | Zot:3    | Killed Vv
107499 | Zot:3    | Found a transporter.
109397 | Zot:4    | Noticed a Killer Klown
109408 | Zot:4    | Killed a Killer Klown
109409 | Zot:4    | Noticed a Killer Klown
109414 | Zot:4    | Killed a Killer Klown
109423 | Zot:4    | Noticed a Killer Klown
109425 | Zot:4    | Noticed a Killer Klown
109438 | Zot:4    | Killed a Killer Klown
109442 | Zot:4    | Killed a Killer Klown
109542 | Zot:5    | Entered Level 5 of the Realm of Zot
110545 | Zot:4    | HP: 10/258 [poisoned by a green draconian monk (poison
                  | gas)]
111696 | Zot:5    | Reached XP level 27. HP: 262/266 MP: 23/23
111871 | Zot:5    | Noticed a dread lich
111888 | Zot:5    | Killed a dread lich
111977 | Zot:5    | Noticed an orb of fire
111979 | Zot:5    | Gained mutation: You are partially covered in iridescent
                  | scales. (AC +2) [an orb of fire]
111985 | Zot:5    | Gained mutation: Your muscles are strong. (Str +4, Int/Dex
                  | -1) [an orb of fire]
111990 | Zot:5    | Noticed an orb of fire
111992 | Zot:5    | Noticed an orb of fire
111993 | Zot:5    | Killed an orb of fire
112007 | Zot:5    | Killed an orb of fire
112013 | Zot:5    | Killed an orb of fire
112016 | Zot:5    | Noticed an orb of fire
112018 | Zot:5    | Gained mutation: Your magical capacity is low. (-10% MP)
                  | [an orb of fire]
112022 | Zot:5    | Gained mutation: You are vulnerable to cold. (rC-) [an orb
                  | of fire]
112024 | Zot:5    | Gained mutation: You are clumsy. (Dex -2) [an orb of fire]
112045 | Zot:5    | Killed an orb of fire
112399 | Zot:5    | Noticed an orb of fire
112433 | Zot:5    | Gained mutation: Your body sometimes deteriorates upon
                  | taking damage. [an orb of fire]
112437 | Zot:5    | Gained mutation: You have hidden genetic defects. [an orb
                  | of fire]
112744 | Zot:5    | Killed an orb of fire
112932 | Zot:5    | Noticed a dread lich
112936 | Zot:5    | Killed a dread lich
112947 | Zot:5    | Noticed an orb of fire
112949 | Zot:5    | Noticed an orb of fire
112949 | Zot:5    | Noticed a dread lich
112951 | Zot:5    | Noticed an orb of fire
112954 | Zot:5    | HP: 10/268 [black draconian/+0 morningstar[a black
                  | draconian knight] (9)]
112955 | Zot:5    | Killed from afar by an electric golem

Illustrated notes

Levels and vault maps discovered:
D:1:      minmay_arrival_widening_spiral_wide, layout_rooms, minmay_domino_4
D:2:      layout_rooms, chequers_ecumenical_altar_simple, uniq_natasha
D:3:      layout_rooms, kennysheep_donut, minmay_misc_feat_square,
          uniq_crazy_yiuf_cottage
D:4:      layout_layer_cave, nicolae_shop_sticking_my_neck_out
D:5:      layout_rooms, lightli_ossuary_entry_decrepit_ruins
D:6:      layout_gridville, serial_bayou, serial_bayou_lagoon_b,
          serial_bayou_crossing, serial_bayou_shore_b, serial_bayou_pond_c
D:7:      layout_loops_corners, nicolae_ru_great_annihilating_truth,
          minmay_temple_entry_trees, ebering_ghost_disaster_area, uniq_joseph
D:8:      layout_rooms, grunt_dithmenos_smoke_and_mirrors, hangedman_misty_isle
D:9:      layout_basic, lair_entry_dummy, serial_shops,
          nicolae_inconvenience_store
D:10:     layout_basic, nicolae_uskayaw_suspiria
D:11:     layout_roguey, erik_orc_2, serial_shops, nicolae_stop_n_shop_2,
          lemuel_another_geyser
D:12:     minmay_swirls_squares, layout_layer_cave,
          nicolae_trove_entry_isolated, minmay_rotating_lava
D:13:     minmay_separated_statues, layout_basic,
          skrybe_vaults_entry_preservation, serial_shops,
          nicolae_shop_advertising_works [nicolae_subvault_shop_adworks],
          nicolae_diamond_shop, nicolae_lakefront_shop, shop_fountains,
          nicolae_shop_waterfront, wad_mini_maze, uniq_sonja
D:14:     layout_grid_maze, okawaru_ov_weapons_minmay,
          nicolae_hepliaklqana_ecumenical_no_more, uniq_nessos, uniq_lodul,
          uniq_snorg, uniq_josephine, uniq_kirke
D:15:     grunt_enter_depths_hoard, layout_basic, serial_shops, shop,
          nicolae_shop_crystal, nicolae_diamond_shop, grunt_ministairs_6
Temple:   compressed_dpeg_triangle_lava_temple
Lair:1:   layout_roguey, grunt_megastairs_5, serial_bayou_shore_a, uniq_harold
Lair:2:   layout_cave_pods, grunt_forest_large_clearing_hut
Lair:3:   layout_long_grid, shoals_dummy_entry,
          nicolae_spider_entry_tight_spaces, nicolae_volcano_entry_lava_flow,
          portal_ice_cave_rime
Lair:4:   layout_loops_ring, slime_entry_1
Lair:5:   evilmike_catoblepas_cave, layout_loops_ring, basic_altar,
          minmay_shattered_shrine
Shoals:1: cheibrodos_shoals_baths, layout_shoals
Shoals:2: layout_shoals, serial_shops, shop, lemuel_altar_in_water, uniq_ilsuiw,
          uniq_polyphemus, uniq_frances, uniq_donald, uniq_aizul
Shoals:3: layout_shoals
Shoals:4: shoals_end_hellmonk_storm_palace [storm_palace_center_square,
          storm_palace_corner_narrow, storm_palace_corner_reverse_hut,
          storm_palace_corner_grid, storm_palace_corner_narrow], serial_shops
Spider:1: layout_spider_delve, hangedman_spider_tarantella_strand
Spider:2: layout_spider_delve, nicolae_spider_not_touching_you
Spider:3: layout_spider_delve
Spider:4: grunt_spider_rune_parallel
Orc:1:    layout_diamond_mine
Orc:2:    kennysheep_orc_mage_school, layout_caves, mines5_lemuel
Elf:1:    layout_rooms, minmay_elf_demonology, uniq_nikola, uniq_agnes
Elf:2:    elven_hall_of_blades_hangedman_original [nicolae_blade_little_rooms],
          layout_onion_city, nrook_uturn, lemuel_flame_loot_1
Elf:3:    elf_hall, layout_geoelf_grid, hangedman_summoners_spam
Vaults:1: nicolae_vaults_hallways_thing, ontoclasm_vaults_claustrophobia,
          v_misc_23, ontoclasm_vaults_ring_square,
          nicolae_vaults_network_periphery, dpeg_vaults_hating_casters,
          nicolae_vaults_alarming, nicolae_vaults_little_squares_5,
          dpeg_vaults_monster_box, vaults_room_octagon, ontoclasm_vaults_spin,
          v_misc_27, vaults_standard_mumra_x, layout_vaults_omnibox
Vaults:2: vaults_mumra_minichess, hangedman_vaults_trim, v_misc_12,
          nicolae_vaults_octagons, vaults_room_grid, vaults_dpeg_diagonal,
          v_alt_pattern_5, grunt_vaults_focal, ontoclasm_vaults_chip,
          ontoclasm_vaults_chip, layout_vaults_omnigrid
Vaults:3: nzn_ghost_randoct, v_misc_26, vaults_room_grid,
          hangedman_vaults_unwind, v_misc_33, hangedman_vaults_corner,
          v_misc_27, v_pattern_3, serial_ice_b, hangedman_vaults_corner_blocks,
          vaults_mumra_lcd, vaults_room_stairs_pillars,
          minmay_crypt_entry_simple_box, layout_vaults_maze, uniq_xtahua
Vaults:4: nicolae_vaults_diagonal_hallway_9, v_misc_26, ontoclasm_vaults_eye,
          serial_ice_m, vaults_room_glass_cross, vaults_mumra_chevron, v_misc_9,
          vaults_dpeg_hooks, v_alt_pattern_2, v_misc_17,
          nicolae_vaults_little_squares_1, vaults_dpeg_doors,
          layout_vaults_big_room, uniq_zenata
Vaults:5
Crypt:1:  layout_catacombs, serial_sigils, serial_sigils_hangedman_scratch,
          serial_sigils_hangedman_confine, serial_sigils_hangedman_shear,
          serial_sigils_hangedman_shear, serial_sigils_hangedman_shear,
          uniq_josephina
Crypt:2:  layout_regular_city
Crypt:3:  quadcrypt_mu
Depths:1: layout_basic, kennysheep_flooded_box, abyss_entry_flame_altar,
          rand_demon_pan_entry_8, hangedman_tar_grid_catacomb,
          hellmonk_bongcloud_opening, lemuel_zombie_altar_kikubaaqudgha
Depths:2: nicolae_cairo_tiling_very_big, layout_long_grid, enter_ziggurat_b,
          hell_entry, rand_demon_pan_entry_3, yredelemnul_altar_generic,
          uniq_mara, uniq_saint_roka
Depths:3: minmay_the_grid_octo_triangle [minmay_the_grid_octo_77,
          minmay_the_grid_octo_prize_square_snowflake,
          minmay_the_grid_octo_chip], layout_gridville,
          ebering_ghost_disaster_area, serial_shops, nicolae_square_shop,
          nicolae_qazlal_style_of_elements, hell_entry, abyss_entry_glasseish,
          infiniplex_staircase_pillars_3a
Depths:4: evilmike_zot_entry_basic, layout_gridlike,
          nicolae_abyss_entry_one_way_or_another, hell_entry,
          grunt_gozag_breadcrumbs, nicolae_triple_integral
Zot:1:    layout_cathedral_of_symmetry, grunt_megastairs_3
Zot:2:    layout_cathedral_of_symmetry, grunt_megastairs_1
Zot:3:    layout_misc_corridors, nicolae_diode_basic, uniq_vv
Zot:4:    circus_mu, layout_basic
Zot:5:    layout_misc_corridors

Skill      XL: |  1  2  3  4  5  6  7  8  9 10 11 12 13 14 15 16 17 18 19 20 21 22 23 24 25 26 27 |
---------------+----------------------------------------------------------------------------------+-----
Fighting       | 4 5 6 7 8 9 10 11 12 14 15 16 17 18 19 20 21 22 23 24 25 | 25.7
Axes           | 3 4 5 6 8 9 12 13 15 16 17 18 19 20 21 22 23 24 26 27 | 27.0
Shields        | 4 5 6 7 9 10 12 13 14 15 16 17 18 19 20 21 22 23 24 | 24.8
Armour         | 4 5 6 7 8 9 10 11 12 14 15 16 17 18 19 | 19.5
Dodging        | 1 2 3 4 5 6 7 8 9 10 | 10.5
Stealth        | 1 2 3 5 6 8 9 10 11 12 13 14 15 16 17 18 19 | 19.3
Evocations     | 1 2 |  2.6
Throwing       | 1 3 4 5 6 7 8 |  8.8

Action                   |  1- 3 |  4- 6 |  7- 9 | 10-12 | 13-15 | 16-18 | 19-21 | 22-24 | 25-27 || total
-------------------------+-------+-------+-------+-------+-------+-------+-------+-------+-------++-------
Melee: War axe           |    80 |   136 |   342 |   767 |   805 |  1711 |  1878 |   271 |       ||  5990
       Broad axe         |       |       |       |       |       |       |       |   893 |  1146 ||  2039
       Headbutt          |       |       |       |       |       |       |       |       |   141 ||   141
       Unarmed           |       |       |       |       |       |       |       |       |     2 ||     2
Throw: Boomerang         |       |       |     6 |    44 |    71 |   177 |    12 |    33 |   114 ||   457
Evoke: Wand              |       |       |     9 |     6 |     6 |     4 |       |       |       ||    25
       Phial of floods   |       |       |       |       |     1 |       |       |       |       ||     1
  Use: Scroll            |       |     8 |     4 |     8 |    12 |    12 |    17 |     3 |     9 ||    73
       Potion            |       |       |       |     1 |     7 |    22 |    11 |     3 |     5 ||    49
 Stab: Paralysed         |       |       |     1 |    31 |    94 |   125 |   146 |   132 |    93 ||   622
       Sleeping          |       |       |       |       |       |     4 |       |       |     8 ||    12
       Distracted        |       |       |       |       |       |     3 |       |     2 |       ||     5
       Invisible         |       |       |       |       |       |       |     2 |       |     1 ||     3
Armor: Scale mail        |    42 |    78 |    93 |       |       |       |       |       |       ||   213
       Ring mail         |       |       |    33 |   253 |   251 |   737 |       |       |       ||  1274
       Skin              |       |       |     4 |       |       |     5 |    16 |       |       ||    25
       Plate armour      |       |       |       |       |       |   122 |   791 |   405 |   419 ||  1737
Dodge: Dodged            |    41 |    68 |   104 |   208 |   276 |   620 |   518 |   238 |   306 ||  2379
Block: Buckler           |    28 |    59 |   160 |    56 |       |       |       |       |       ||   303
       Reflection        |       |     2 |     4 |    17 |    56 |     1 |    24 |    87 |    47 ||   238
       Kite shield       |       |       |       |   442 |   638 |  1197 |  1114 |   755 |   850 ||  4996
       Other             |       |       |       |       |       |       |       |       |     1 ||     1

Table legend: (Time is in decaauts)
 A = Elapsed time spent in this place.
 B = Non-inter-level travel time spent in this place.
 C = Inter-level travel time spent in this place.
 D = Time resting spent in this place.
 E = Time spent auto-exploring this place.
 F = Levels seen in this place.
 G = Mean time per level.
                   A        B        C        D        E       F      G
               +--------+--------+--------+--------+--------+-----+--------+
         Total | 111958 | 103782 |   8176 |  50874 |  11608 |  53 | 2112.4 |
       Dungeon |  30619 |  27384 |   3235 |  12760 |   4230 |  15 | 2041.3 |
        Temple |    312 |    254 |     58 |      0 |    244 |   1 |  312.0 |
          Lair |   7944 |   7156 |    788 |   2513 |    984 |   5 | 1588.8 |
        Shoals |  11381 |  11080 |    301 |   7121 |    308 |   4 | 2845.2 |
   Spider Nest |  10410 |  10184 |    226 |   6553 |    342 |   4 | 2602.5 |
  Orcish Mines |   1597 |   1335 |    262 |     88 |    517 |   2 |  798.5 |
   Elven Halls |   4312 |   3876 |    436 |   1133 |    620 |   3 | 1437.3 |
        Vaults |  14190 |  12778 |   1412 |   6097 |   1782 |   5 | 2838.0 |
         Crypt |   4485 |   3913 |    572 |    725 |    593 |   3 | 1495.0 |
        Depths |  13222 |  12755 |    467 |   7046 |    729 |   4 | 3305.5 |
           Zot |  12107 |  11692 |    415 |   6180 |   1076 |   5 | 2421.4 |
       Ossuary |    466 |    466 |      0 |    282 |      0 |   1 |  466.0 |
      Ice Cave |    908 |    908 |      0 |    375 |    183 |   1 |  908.0 |
               +--------+--------+--------+--------+--------+-----+--------+

Top non-repeatable levels by time:
Depths:1: 5260 daAuts
    D:12: 5059 daAuts
Vaults:4: 4076 daAuts
Spider:2: 3830 daAuts
Spider:4: 3620 daAuts
Shoals:4: 3544 daAuts
    D:15: 3374 daAuts
   Zot:1: 3131 daAuts
   Zot:4: 3111 daAuts
Vaults:2: 3102 daAuts
     D:9: 3022 daAuts
    D:11: 2952 daAuts
Shoals:1: 2910 daAuts
   Zot:2: 2702 daAuts
Shoals:2: 2701 daAuts
